Diables vs Patriotes
Created - April 25, 2018 at 20:41
Goals
|
| Diables |
0 |
1 |
3 |
0 |
4 |
| Patriotes |
1 |
1 |
2 |
1 |
5 |
|
Shots
|
| Diables |
15 |
7 |
13 |
1 |
36 |
| Patriotes |
10 |
9 |
7 |
1 |
27 |
|
1st period
1. Patriotes , Andrew Gordon 40 (Christian Hanson 45) at 8:32 (PP)
Penalties :
Keith Seabrook (Alm) for Hooking (Minor) at 8:20, David Kolomatis (Nyc) for Tripping (Minor) at 8:49, Borna Rendulic (Alm) for Hooking (Minor) at 14:55, Robbie Russo (Nyc) for Roughing (Minor) at 17:58
2nd period
2. Diables , Steve Quailer 24 (Brandon Prust 52, Tyler Bozak 67) at 1:22
3. Patriotes , Anthony Bitetto 5 (Ryan Wilson 74, Evgeny Kuznetsov 28) at 8:07 (PP)
Penalties :
Pavel Valentenko (Alm) for High sticking (Minor) at 8:04, Brandon Burlon (Alm) for Tripping (Minor) at 10:01, Tim Schaller (Alm) for Holding (Minor) at 14:20
3rd period
4. Diables , Tyler Bozak 51 (Brandon Burlon 28, Steve Quailer 47) at 0:16
5. Patriotes , Ryan Wilson 17 (Emerson Etem 29, Andrei Vasilevskiy) at 1:29
6. Diables , Tyler Bozak 52 (Steve Quailer 48, Brian Dumoulin 22) at 5:06
7. Diables , Craig Smith 24 (Brandon Burlon 29, Alexandre Burrows 44) at 6:31 (PP)
8. Patriotes , Christian Hanson 44 (Ryan Wilson 75, Fedor Fedorov 45) at 6:39
Penalties :
Fedor Fedorov (Nyc) for Hooking (Minor) at 1:42, Christian Hanson (Nyc) for Hooking (Minor) at 5:59, Brandon Burlon (Alm) for Hooking (Minor) at 6:51, Phil McRae (Nyc) for Holding (Minor) at 18:59
Overtime #1
9. Patriotes , Fedor Fedorov 27 (Ryan Wilson 76, Anthony Bitetto 30) at 1:59
Penalties :
No Penalty
Goalie Stats
John Gibson (Alm), 22 saves from 27 shots - (0.815), OTL, 27-21-7, 61:59 minutes
Andrei Vasilevskiy (Nyc), 32 saves from 36 shots - (0.889), W, 11-15-6, 61:59 minutes
Players Stats for Diables
Player Name G A P +/- PIM S H SB GA TA FO MP PP MP PK MP
------------------------------------------------------------------------------------
Alexandre Burrows 0 1 1 -1 0 0 0 0 0 0 0/2 16:46 3:16 2:54
Borna Rendulic 0 0 0 -1 2 1 1 0 0 0 0/0 8:39 0:00 0:00
Brandon Burlon 0 2 2 -1 4 6 2 0 3 0 0/0 27:39 4:48 2:33
Brandon Prust 0 1 1 2 0 3 4 0 2 0 0/1 24:00 4:03 4:34
Brian Dumoulin 0 1 1 0 0 0 0 1 0 1 0/0 12:20 0:14 0:15
Carl Gunnarsson 0 0 0 -1 0 3 1 0 0 0 0/0 29:13 4:48 4:58
Christian Thomas 0 0 0 -1 0 0 0 0 0 0 0/0 8:01 0:00 0:00
Craig Smith 1 0 1 -1 0 2 3 0 2 0 0/0 13:23 3:16 0:00
Daniel Zaar 0 0 0 0 0 2 1 0 0 0 0/0 10:45 0:00 0:00
Keith Seabrook 0 0 0 0 2 0 0 0 0 0 0/0 14:03 0:14 2:26
Kyle Chipchura 0 0 0 -1 0 0 0 0 0 0 2/4 11:45 0:08 0:00
Louis Leblanc 0 0 0 -1 0 3 3 0 0 0 1/1 10:34 0:00 1:32
Mark Fraser 0 0 0 1 0 0 1 0 0 0 0/0 20:49 2:27 3:05
Pavel Valentenko 0 0 0 1 2 1 1 3 0 0 0/0 20:17 2:27 3:05
Steve Quailer 1 2 3 3 0 4 1 1 0 0 1/1 20:22 4:13 2:20
Taylor Beck 0 0 0 0 0 4 6 0 0 0 0/0 13:19 0:36 0:24
Tim Schaller 0 0 0 -1 2 0 1 0 0 1 3/9 13:55 3:08 0:00
Tyler Bozak 2 1 3 3 0 7 2 0 0 2 19/39 23:49 3:47 4:38
Players Stats for Patriotes
Player Name G A P +/- PIM S H SB GA TA FO MP PP MP PK MP
------------------------------------------------------------------------------------
Aaron Ness 0 0 0 -1 0 2 2 1 1 1 0/0 23:05 3:22 3:28
Andrew Gordon 1 0 1 0 0 1 2 2 0 0 4/11 24:24 4:32 5:31
Anthony Bitetto 1 1 2 2 0 2 2 1 0 1 0/0 29:11 4:49 6:01
Austin Watson 0 0 0 0 0 0 0 0 0 0 0/0 1:43 0:13 0:15
Christian Hanson 1 1 2 0 2 2 3 1 1 0 14/24 23:52 4:32 4:32
David Kolomatis 0 0 0 -1 2 1 1 5 1 0 0/0 24:47 3:22 2:27
Emerson Etem 0 1 1 -1 0 2 0 0 0 0 0/0 8:05 0:03 0:00
Evgeny Kuznetsov 0 1 1 0 0 1 0 1 0 0 8/10 15:10 3:26 0:14
Fedor Fedorov 1 1 2 1 2 1 3 1 1 0 1/2 22:09 4:32 2:05
Jared Knight 0 0 0 -1 0 0 0 0 0 0 1/3 8:02 0:00 0:00
Justin Florek 0 0 0 0 0 1 0 0 0 0 0/0 10:21 0:07 0:00
Mark Stone 0 0 0 0 0 0 1 0 0 1 1/1 10:14 0:00 0:00
Matt Calvert 0 0 0 0 0 5 1 0 0 0 0/0 13:47 3:26 0:00
Phil McRae 0 0 0 0 2 1 3 0 0 2 2/6 10:15 0:00 0:00
Riley Barber 0 0 0 0 0 0 0 0 0 0 0/0 1:34 0:00 1:32
Robbie Russo 0 0 0 -1 2 1 2 1 0 0 0/0 13:25 0:00 0:29
Robert Baillargeon 0 0 0 0 0 0 0 0 0 0 0/0 0:00 0:00 0:00
Ryan Wilson 1 3 4 1 0 4 2 1 0 2 0/0 31:43 4:49 4:31
Scott Glennie 0 0 0 0 0 0 0 0 0 0 0/0 2:19 0:18 0:00
Tyler Randell 0 0 0 1 0 1 1 0 0 0 0/0 17:15 3:24 1:48
Vince Hinostroza 0 0 0 -1 0 2 1 0 0 0 0/0 8:02 0:00 0:00
3 Stars
1 - Tyler Bozak (Alm)
2 - Ryan Wilson (Nyc)
3 - Steve Quailer (Alm)
Power Play
Diables - 1 on 5 Attempt(s) - 20.00%
Patriotes - 2 on 6 Attempt(s) - 33.33%
Penalty Kill
Diables - 4 on 6 Attempt(s) - 66.67%
- Score 0 goal in Penalty Kill
Patriotes - 4 on 5 Attempt(s) - 80.00%
- Score 0 goal in Penalty Kill
Team Stat
Diables - Hits : 27 - Faceoff Wins : 26 - Blocked Shots : 5 - Penalty Minutes : 12
Patriotes - Hits : 24 - Faceoff Wins : 31 - Blocked Shots : 14 - Penalty Minutes : 10
Official
Referees : Peel Tim and Auger Stephane
Linesman : Pierre Champoux and Mark Pare
Game Notes
No Game Note
Finance
Level 1 -- Attendance: 1320 (66.00%) -- Ticket Income $52,800
Level 2 -- Attendance: 684 (68.40%) -- Ticket Income $13,680
Total Attendance: 2004 (66.80%)
Total Ticket Income: $66,480
Other Income: $3,324
Total Income: $69,804
Diables
5 vs 5 Forward
Center Left Wing Right Wing Time % Phy DF OF
1 Tyler Bozak Brandon Prust Steve Quailer 40 1 2 2
2 Tim Schaller Alexandre Burrows Craig Smith 30 1 2 2
3 Kyle Chipchura Taylor Beck Daniel Zaar 20 1 2 2
4 Louis Leblanc Christian Thomas Borna Rendulic 10 1 2 2
5 vs 5 Defense
Defense Defense Time % Phy DF OF
1 Brandon Burlon Carl Gunnarsson 40 1 2 2
2 Mark Fraser Pavel Valentenko 30 1 2 2
3 Brian Dumoulin Keith Seabrook 20 1 2 2
4 Brandon Burlon Carl Gunnarsson 10 1 2 2
PowerPlay Forward
Center Left Wing Right Wing Time % Phy DF OF
1 Tyler Bozak Brandon Prust Steve Quailer 60 1 2 2
2 Tim Schaller Alexandre Burrows Craig Smith 40 1 2 2
PowerPlay Defense
Defense Defense Time % Phy DF OF
1 Brandon Burlon Carl Gunnarsson 60 1 2 2
2 Mark Fraser Pavel Valentenko 40 1 2 2
Penalty Kill 4 Players Forward
Center Wing Time % Phy DF OF
1 Tyler Bozak Brandon Prust 60 1 2 2
2 Alexandre Burrows Steve Quailer 40 1 2 2
Penalty Kill 4 Players Defense
Defense Defense Time % Phy DF OF
1 Brandon Burlon Carl Gunnarsson 60 1 2 2
2 Mark Fraser Pavel Valentenko 40 1 2 2
Penalty Kill - 3 Players Forward
Forward Time % Phy DF OF
1 Tyler Bozak 60 1 2 2
2 Brandon Prust 40 1 2 2
Penalty Kill - 3 Players Defense
Defense Defense Time % Phy DF OF
1 Brandon Burlon Carl Gunnarsson 60 1 2 2
2 Mark Fraser Pavel Valentenko 40 1 2 2
4 vs 4 Forward
Center Wing Time % Phy DF OF
1 Tyler Bozak Brandon Prust 60 1 2 2
2 Alexandre Burrows Steve Quailer 40 1 2 2
4 vs 4 Defense
Defense Defense Time % Phy DF OF
1 Brandon Burlon Carl Gunnarsson 60 1 2 2
2 Mark Fraser Pavel Valentenko 40 1 2 2
Last Minutes Offensive
Center Left Wing Right Wing Defense Defense
Tyler Bozak Brandon Prust Steve Quailer Brandon Burlon Carl Gunnarsson
Last Minutes Defensive
Center Left Wing Right Wing Defense Defense
Tyler Bozak Brandon Prust Steve Quailer Brandon Burlon Carl Gunnarsson
Goaltenders
Starting : John Gibson
Backup : Jean-Francois Berube
Extra Forwards
Normal : Taylor Beck, Kyle Chipchura, Louis Leblanc - PP : Taylor Beck, Kyle Chipchura - PK : Louis Leblanc
Extra Defensemen
Normal : Brian Dumoulin, Keith Seabrook, Mark Fraser - PP : Brian Dumoulin - PK : Keith Seabrook, Mark Fraser
Penalty Shots
Tyler Bozak, Brandon Prust, Alexandre Burrows, Steve Quailer, Craig Smith
Scratches
Gemel Smith (Healthy), Jamie Oleksiak (Healthy), Matt Lindblad (Healthy), Adam Clendening (Healthy), Eric Karlsson (Healthy)
Brett Ritchie (Healthy), Blake Coleman (Healthy), Andrew O'Brien (Healthy), Marc-André Bourdon (Healthy), Linus Ullmark (Healthy)
Patriotes
5 vs 5 Forward
Center Left Wing Right Wing Time % Phy DF OF
1 Christian Hanson Fedor Fedorov Andrew Gordon 40 1 2 2
2 Evgeny Kuznetsov Matt Calvert Tyler Randell 30 1 2 2
3 Phil McRae Justin Florek Mark Stone 20 1 2 2
4 Jared Knight Vince Hinostroza Emerson Etem 10 1 2 2
5 vs 5 Defense
Defense Defense Time % Phy DF OF
1 Ryan Wilson Anthony Bitetto 40 1 2 2
2 David Kolomatis Aaron Ness 30 1 2 2
3 Robbie Russo Ryan Wilson 20 1 2 2
4 Anthony Bitetto David Kolomatis 10 1 2 2
PowerPlay Forward
Center Left Wing Right Wing Time % Phy DF OF
1 Christian Hanson Fedor Fedorov Andrew Gordon 60 1 2 2
2 Evgeny Kuznetsov Matt Calvert Tyler Randell 40 1 2 2
PowerPlay Defense
Defense Defense Time % Phy DF OF
1 Ryan Wilson Anthony Bitetto 60 1 2 2
2 David Kolomatis Aaron Ness 40 1 2 2
Penalty Kill 4 Players Forward
Center Wing Time % Phy DF OF
1 Andrew Gordon Christian Hanson 60 1 2 2
2 Fedor Fedorov Tyler Randell 40 1 2 2
Penalty Kill 4 Players Defense
Defense Defense Time % Phy DF OF
1 Ryan Wilson Anthony Bitetto 60 1 2 2
2 David Kolomatis Aaron Ness 40 1 2 2
Penalty Kill - 3 Players Forward
Forward Time % Phy DF OF
1 Andrew Gordon 60 1 2 2
2 Christian Hanson 40 1 2 2
Penalty Kill - 3 Players Defense
Defense Defense Time % Phy DF OF
1 Ryan Wilson Anthony Bitetto 60 1 2 2
2 David Kolomatis Aaron Ness 40 1 2 2
4 vs 4 Forward
Center Wing Time % Phy DF OF
1 Andrew Gordon Christian Hanson 60 1 2 2
2 Fedor Fedorov Tyler Randell 40 1 2 2
4 vs 4 Defense
Defense Defense Time % Phy DF OF
1 Ryan Wilson Anthony Bitetto 60 1 2 2
2 David Kolomatis Aaron Ness 40 1 2 2
Last Minutes Offensive
Center Left Wing Right Wing Defense Defense
Christian Hanson Fedor Fedorov Andrew Gordon Ryan Wilson Anthony Bitetto
Last Minutes Defensive
Center Left Wing Right Wing Defense Defense
Christian Hanson Fedor Fedorov Andrew Gordon Ryan Wilson Anthony Bitetto
Goaltenders
Starting : Andrei Vasilevskiy
Backup : Marek Schwarz
Extra Forwards
Normal : Scott Glennie, Austin Watson, Riley Barber - PP : Scott Glennie, Austin Watson - PK : Riley Barber
Extra Defensemen
Normal : Robbie Russo, Aaron Ness, Ryan Wilson - PP : Robbie Russo - PK : Aaron Ness, Ryan Wilson
Penalty Shots
Andrew Gordon, Christian Hanson, Fedor Fedorov, Tyler Randell, Matt Calvert
Scratches
Alex Petrovic (Healthy), Timothy Kunes (Healthy), Zenon Konopka (Healthy), Phoenix Copley (Healthy)
% Time on Ice - Diables
Lines # - Real PCT - Wanted PCT - Time Play
Normal Forward
1 - 35% - 40% - 15:23
2 - 23% - 30% - 10:11
3 - 24% - 20% - 10:45
4 - 18% - 10% - 8:01
Normal Defense
1 - 43% - 40% - 19:05
2 - 32% - 30% - 14:05
3 - 21% - 20% - 9:22
4 - 4% - 10% - 1:48
PP Forward
1 - 56% - 60% - 4:13
2 - 44% - 40% - 3:16
PP Defense
1 - 67% - 60% - 5:02
2 - 33% - 40% - 2:27
PK Forward
1 - 71% - 60% - 5:51
2 - 29% - 40% - 2:20
PK Defense
1 - 62% - 60% - 5:06
2 - 38% - 40% - 3:05
PK3 Forward
1 - 0% - 60%
2 - 0% - 40%
PK3 Defense
1 - 0% - 60%
2 - 0% - 40%
44 Forward
1 - 79% - 60% - 1:34
2 - 21% - 40% - 0:25
44 Defense
1 - 66% - 60% - 1:18
2 - 34% - 40% - 0:41
Last Minute Offensive - 0:00
Last Minute Defensive - 0:00
Total
Forward - 61:59
Defense - 61:59
|
% Time on Ice - Patriotes
Lines # - Real PCT - Wanted PCT - Time Play
Normal Forward
1 - 33% - 40% - 14:34
2 - 26% - 30% - 11:30
3 - 23% - 20% - 10:14
4 - 18% - 10% - 8:02
Normal Defense
1 - 34% - 40% - 15:09
2 - 33% - 30% - 14:43
3 - 27% - 20% - 11:58
4 - 6% - 10% - 2:30
PP Forward
1 - 58% - 60% - 4:45
2 - 42% - 40% - 3:26
PP Defense
1 - 59% - 60% - 4:49
2 - 41% - 40% - 3:22
PK Forward
1 - 76% - 60% - 5:41
2 - 24% - 40% - 1:48
PK Defense
1 - 61% - 60% - 4:36
2 - 39% - 40% - 2:53
PK3 Forward
1 - 78% - 60% - 0:46
2 - 22% - 40% - 0:13
PK3 Defense
1 - 49% - 60% - 0:29
2 - 51% - 40% - 0:30
44 Forward
1 - 70% - 60% - 0:42
2 - 30% - 40% - 0:18
44 Defense
1 - 65% - 60% - 0:39
2 - 35% - 40% - 0:21
Last Minute Offensive - 0:00
Last Minute Defensive - 0:00
Total
Forward - 61:59
Defense - 61:59
|
Play by Play
1st period
0:01 of 1st period - Christian Hanson wins face-off versus Tyler Bozak in neutral zone.
0:36 of 1st period - Slapshot by Matt Calvert.
0:36 of 1st period - Stopped by John Gibson with a rebound.
0:57 of 1st period - Snap shot by Louis Leblanc.
0:57 of 1st period - Stopped by Andrei Vasilevskiy with a rebound.
0:59 of 1st period - Slapshot by Pavel Valentenko.
0:59 of 1st period - Stopped by Andrei Vasilevskiy with a rebound.
1:01 of 1st period - Slapshot by Pavel Valentenko.
1:01 of 1st period - Deflect By Borna Rendulic.
1:01 of 1st period - Shot Misses the Net.
1:01 of 1st period - Puck is out of play.
1:02 of 1st period - Jared Knight wins face-off versus Kyle Chipchura in Patriotes zone.
1:02 of 1st period - Jared Knight is hit by Taylor Beck.
2:24 of 1st period - Snap shot by Christian Thomas.
2:24 of 1st period - Shot Blocked by Evgeny Kuznetsov.
3:21 of 1st period - Snap shot by Alexandre Burrows.
3:21 of 1st period - Shot Misses the Net.
4:04 of 1st period - Phil McRae is hit by Brandon Prust and loses puck.
5:09 of 1st period - Slapshot by Matt Calvert.
5:09 of 1st period - Stopped by John Gibson with a rebound.
5:29 of 1st period - Wrist shot by Brandon Burlon.
5:29 of 1st period - Deflect By Taylor Beck.
5:29 of 1st period - Stopped by Andrei Vasilevskiy with a rebound.
5:31 of 1st period - Slapshot by Brandon Burlon.
5:31 of 1st period - Stopped by Andrei Vasilevskiy with a rebound.
5:33 of 1st period - Snap shot by Kyle Chipchura.
5:33 of 1st period - Shot Blocked by Andrew Gordon.
5:35 of 1st period - Slapshot by Taylor Beck.
5:35 of 1st period - Shot Misses the Net.
5:37 of 1st period - Slapshot by Carl Gunnarsson.
5:37 of 1st period - Deflect By Taylor Beck.
5:37 of 1st period - Shot Misses the Net.
5:37 of 1st period - Puck is out of play.
5:38 of 1st period - Mark Stone wins face-off versus Tyler Bozak in Patriotes zone.
5:43 of 1st period - Brandon Burlon is hit by Phil McRae and loses puck.
6:35 of 1st period - Icing by Ryan Wilson.
6:36 of 1st period - Christian Hanson wins face-off versus Tyler Bozak in Patriotes zone.
6:36 of 1st period - Christian Hanson is hit by Brandon Prust.
8:06 of 1st period - Snap shot by Taylor Beck.
8:06 of 1st period - Stopped by Andrei Vasilevskiy with a rebound.
8:20 of 1st period - Minor Penalty to Keith Seabrook for Hooking.
8:21 of 1st period - Christian Hanson wins face-off versus Tyler Bozak in Diables zone.
8:22 of 1st period - Snap shot by Andrew Gordon.
8:22 of 1st period - Shot Misses the Net.
8:24 of 1st period - Slapshot by David Kolomatis.
8:24 of 1st period - Stopped by John Gibson with a rebound.
8:32 of 1st period - Snap shot by Andrew Gordon.
8:32 of 1st period - Goal by Andrew Gordon - Diables : 0 - Patriotes : 1.
8:33 of 1st period - Tyler Bozak wins face-off versus Fedor Fedorov in neutral zone.
8:38 of 1st period - Wrist shot by Brandon Prust.
8:38 of 1st period - Shot Blocked by Andrew Gordon.
8:40 of 1st period - Slapshot by Brandon Burlon.
8:40 of 1st period - Shot Blocked by David Kolomatis.
8:42 of 1st period - Wrist shot by Steve Quailer.
8:42 of 1st period - Shot Misses the Net.
8:44 of 1st period - Slapshot by Brandon Burlon.
8:44 of 1st period - Deflect By Aaron Ness.
8:44 of 1st period - Stopped by Andrei Vasilevskiy with a rebound.
8:49 of 1st period - Minor Penalty to David Kolomatis for Tripping.
8:50 of 1st period - Tyler Bozak wins face-off versus Andrew Gordon in Patriotes zone.
8:52 of 1st period - Snap shot by Tyler Bozak.
8:52 of 1st period - Shot Misses the Net.
8:54 of 1st period - Snap shot by Brandon Burlon.
8:54 of 1st period - Stopped by Andrei Vasilevskiy with a rebound.
9:00 of 1st period - Snap shot by Tyler Bozak.
9:00 of 1st period - Stopped by Andrei Vasilevskiy without a rebound.
9:01 of 1st period - Tyler Bozak wins face-off versus Andrew Gordon in Patriotes zone.
9:33 of 1st period - Slapshot by Brandon Burlon.
9:33 of 1st period - Shot Blocked by Anthony Bitetto.
9:47 of 1st period - Aaron Ness is hit by Steve Quailer and loses puck.
10:16 of 1st period - Brandon Burlon is hit by Robbie Russo and loses puck.
10:49 of 1st period - Penalty to David Kolomatis is over, David Kolomatis is back on ice.
10:57 of 1st period - Slapshot by Ryan Wilson.
10:57 of 1st period - Stopped by John Gibson with a rebound.
11:03 of 1st period - David Kolomatis is hit by Mark Fraser and loses puck.
11:08 of 1st period - Wrist shot by Daniel Zaar.
11:08 of 1st period - Shot Misses the Net.
11:26 of 1st period - Snap shot by Louis Leblanc.
11:26 of 1st period - Shot Misses the Net.
11:28 of 1st period - Slapshot by Brandon Burlon.
11:28 of 1st period - Stopped by Andrei Vasilevskiy without a rebound.
11:29 of 1st period - Kyle Chipchura wins face-off versus Phil McRae in Patriotes zone.
11:58 of 1st period - Snap shot by Louis Leblanc.
11:58 of 1st period - Stopped by Andrei Vasilevskiy without a rebound.
11:59 of 1st period - Louis Leblanc wins face-off versus Evgeny Kuznetsov in Patriotes zone.
12:28 of 1st period - Slapshot by Carl Gunnarsson.
12:28 of 1st period - Shot Blocked by David Kolomatis.
12:35 of 1st period - Off-side.
12:36 of 1st period - Tyler Bozak wins face-off versus Christian Hanson in neutral zone.
12:41 of 1st period - Snap shot by Brandon Prust.
12:41 of 1st period - Shot Blocked by Christian Hanson.
12:43 of 1st period - Snap shot by Brandon Prust.
12:43 of 1st period - Stopped by Andrei Vasilevskiy with a rebound.
12:45 of 1st period - Slapshot by Pavel Valentenko.
12:45 of 1st period - Shot Misses the Net.
12:47 of 1st period - Snap shot by Steve Quailer.
12:47 of 1st period - Stopped by Andrei Vasilevskiy with a rebound.
13:08 of 1st period - Wrist shot by Andrew Gordon.
13:08 of 1st period - Shot Blocked by Pavel Valentenko.
13:10 of 1st period - Slapshot by Aaron Ness.
13:10 of 1st period - Stopped by John Gibson without a rebound.
13:11 of 1st period - Evgeny Kuznetsov wins face-off versus Brandon Prust in Diables zone.
13:16 of 1st period - Snap shot by Tyler Randell.
13:16 of 1st period - Deflect By Matt Calvert.
13:16 of 1st period - Stopped by John Gibson with a rebound.
13:19 of 1st period - Icing by Tyler Bozak.
13:20 of 1st period - Evgeny Kuznetsov wins face-off versus Tyler Bozak in Diables zone.
13:27 of 1st period - Slapshot by Evgeny Kuznetsov.
13:27 of 1st period - Shot Misses the Net.
13:30 of 1st period - Icing by Carl Gunnarsson.
13:31 of 1st period - Christian Hanson wins face-off versus Tyler Bozak in Diables zone.
13:36 of 1st period - Snap shot by Andrew Gordon.
13:36 of 1st period - Shot Misses the Net.
14:03 of 1st period - Wrist shot by Tyler Bozak.
14:03 of 1st period - Shot Misses the Net.
14:05 of 1st period - Slapshot by Carl Gunnarsson.
14:05 of 1st period - Stopped by Andrei Vasilevskiy with a rebound.
14:07 of 1st period - Slapshot by Carl Gunnarsson.
14:07 of 1st period - Stopped by Andrei Vasilevskiy without a rebound.
14:08 of 1st period - Tim Schaller wins face-off versus Evgeny Kuznetsov in Patriotes zone.
14:55 of 1st period - Minor Penalty to Borna Rendulic for Hooking.
14:56 of 1st period - Tyler Bozak wins face-off versus Christian Hanson in Diables zone.
15:33 of 1st period - Snap shot by Matt Calvert.
15:33 of 1st period - Stopped by John Gibson without a rebound.
15:34 of 1st period - Evgeny Kuznetsov wins face-off versus Alexandre Burrows in Diables zone.
15:41 of 1st period - Wrist shot by Matt Calvert.
15:41 of 1st period - Deflect By Pavel Valentenko.
15:41 of 1st period - Shot Blocked by Pavel Valentenko.
15:41 of 1st period - Puck is out of play.
15:42 of 1st period - Christian Hanson wins face-off versus Tyler Bozak in Diables zone.
15:49 of 1st period - Slapshot by Ryan Wilson.
15:49 of 1st period - Stopped by John Gibson with a rebound.
15:51 of 1st period - Snap shot by Christian Hanson.
15:51 of 1st period - Shot Misses the Net.
15:55 of 1st period - Snap shot by Christian Hanson.
15:55 of 1st period - Shot Misses the Net.
15:57 of 1st period - Slapshot by Anthony Bitetto.
15:57 of 1st period - Deflect By Christian Hanson.
15:57 of 1st period - Shot Misses the Net.
15:57 of 1st period - Puck is out of play.
15:58 of 1st period - Andrew Gordon wins face-off versus Tyler Bozak in Diables zone.
16:17 of 1st period - Ryan Wilson is hit by Brandon Prust.
16:55 of 1st period - Penalty to Borna Rendulic is over, Borna Rendulic is back on ice.
16:57 of 1st period - Snap shot by Brandon Prust.
16:57 of 1st period - Stopped by Andrei Vasilevskiy with a rebound.
17:17 of 1st period - Wrist shot by Emerson Etem.
17:17 of 1st period - Stopped by John Gibson with a rebound.
17:19 of 1st period - Wrist shot by Jared Knight.
17:19 of 1st period - Shot Blocked by Pavel Valentenko.
17:58 of 1st period - Minor Penalty to Robbie Russo for Roughing.
17:59 of 1st period - Andrew Gordon wins face-off versus Tim Schaller in Patriotes zone.
19:30 of 1st period - David Kolomatis is hit by Brandon Prust and loses puck.
19:58 of 1st period - Penalty to Robbie Russo is over, Robbie Russo is back on ice.
Goals for this period are 0 for Diables vs 1 for Patriotes.
Shots for this period are 15 for Diables vs 10 for Patriotes.
2nd period
0:01 of 2nd period - Tyler Bozak wins face-off versus Christian Hanson in neutral zone.
0:04 of 2nd period - Snap shot by Carl Gunnarsson.
0:04 of 2nd period - Stopped by Andrei Vasilevskiy with a rebound.
0:31 of 2nd period - Brandon Burlon is hit by David Kolomatis and loses puck.
1:09 of 2nd period - Wrist shot by Louis Leblanc.
1:09 of 2nd period - Deflect By David Kolomatis.
1:09 of 2nd period - Stopped by Andrei Vasilevskiy with a rebound.
1:11 of 2nd period - Snap shot by Borna Rendulic.
1:11 of 2nd period - Stopped by Andrei Vasilevskiy with a rebound.
1:13 of 2nd period - Snap shot by Mark Fraser.
1:13 of 2nd period - Shot Blocked by David Kolomatis.
1:18 of 2nd period - Icing by David Kolomatis.
1:19 of 2nd period - Tyler Bozak wins face-off versus Jared Knight in Patriotes zone.
1:20 of 2nd period - Wrist shot by Brandon Prust.
1:20 of 2nd period - Shot Misses the Net.
1:22 of 2nd period - Slapshot by Steve Quailer.
1:22 of 2nd period - Goal by Steve Quailer - Diables : 1 - Patriotes : 1.
1:23 of 2nd period - Tyler Bozak wins face-off versus Christian Hanson in neutral zone.
1:23 of 2nd period - Tyler Bozak is hit by Christian Hanson.
1:26 of 2nd period - Off-side.
1:27 of 2nd period - Tyler Bozak wins face-off versus Christian Hanson in neutral zone.
1:32 of 2nd period - Snap shot by Brandon Prust.
1:32 of 2nd period - Shot Misses the Net.
2:55 of 2nd period - Carl Gunnarsson is hit by Christian Hanson and loses puck.
3:43 of 2nd period - Taylor Beck is hit by Aaron Ness and loses puck.
4:15 of 2nd period - Snap shot by Phil McRae.
4:15 of 2nd period - Stopped by John Gibson with a rebound.
4:17 of 2nd period - Snap shot by Phil McRae.
4:17 of 2nd period - Shot Misses the Net.
4:19 of 2nd period - Slapshot by Aaron Ness.
4:19 of 2nd period - Deflect By Phil McRae.
4:19 of 2nd period - Shot Misses the Net.
4:19 of 2nd period - Puck is out of play.
4:20 of 2nd period - Tim Schaller wins face-off versus Phil McRae in Diables zone.
4:45 of 2nd period - Keith Seabrook is hit by Ryan Wilson and loses puck.
4:54 of 2nd period - Ryan Wilson is hit by Pavel Valentenko and loses puck.
5:12 of 2nd period - Matt Calvert is hit by Taylor Beck and loses puck.
5:31 of 2nd period - Brandon Burlon is hit by Phil McRae and loses puck.
5:39 of 2nd period - David Kolomatis is hit by Taylor Beck and loses puck.
5:48 of 2nd period - Snap shot by Daniel Zaar.
5:48 of 2nd period - Stopped by Andrei Vasilevskiy without a rebound.
5:49 of 2nd period - Tyler Bozak wins face-off versus Christian Hanson in Patriotes zone.
6:04 of 2nd period - Off-side.
6:05 of 2nd period - Evgeny Kuznetsov wins face-off versus Tim Schaller in neutral zone.
6:10 of 2nd period - Craig Smith is hit by Ryan Wilson and loses puck.
6:31 of 2nd period - Brandon Prust is hit by Christian Hanson and loses puck.
6:52 of 2nd period - Snap shot by Ryan Wilson.
6:52 of 2nd period - Deflect By Mark Fraser.
6:52 of 2nd period - Stopped by John Gibson without a rebound.
6:53 of 2nd period - Kyle Chipchura wins face-off versus Phil McRae in Diables zone.
7:08 of 2nd period - Slapshot by Justin Florek.
7:08 of 2nd period - Stopped by John Gibson without a rebound.
7:09 of 2nd period - Tyler Bozak wins face-off versus Andrew Gordon in Diables zone.
7:16 of 2nd period - Snap shot by Brandon Prust.
7:16 of 2nd period - Stopped by Andrei Vasilevskiy with a rebound.
7:34 of 2nd period - Andrew Gordon is hit by Carl Gunnarsson and loses puck.
8:04 of 2nd period - Minor Penalty to Pavel Valentenko for High sticking.
8:05 of 2nd period - Evgeny Kuznetsov wins face-off versus Tyler Bozak in Diables zone.
8:05 of 2nd period - Slapshot by Ryan Wilson.
8:05 of 2nd period - Shot Misses the Net.
8:07 of 2nd period - Slapshot by Anthony Bitetto.
8:07 of 2nd period - Goal by Anthony Bitetto - Diables : 1 - Patriotes : 2.
8:08 of 2nd period - Tyler Bozak wins face-off versus Christian Hanson in neutral zone.
8:34 of 2nd period - Tyler Randell is hit by Craig Smith.
9:22 of 2nd period - Snap shot by Louis Leblanc.
9:22 of 2nd period - Shot Hit the Post.
9:34 of 2nd period - Wrist shot by David Kolomatis.
9:34 of 2nd period - Shot Misses the Net.
10:01 of 2nd period - Minor Penalty to Brandon Burlon for Tripping.
10:02 of 2nd period - Christian Hanson wins face-off versus Tyler Bozak in Diables zone.
12:01 of 2nd period - Penalty to Brandon Burlon is over, Brandon Burlon is back on ice.
12:05 of 2nd period - Snap shot by Tyler Bozak.
12:05 of 2nd period - Shot Hit the Post.
12:29 of 2nd period - Carl Gunnarsson is hit by Mark Stone and loses puck.
13:38 of 2nd period - Evgeny Kuznetsov is hit by Taylor Beck and loses puck.
13:51 of 2nd period - Wrist shot by Justin Florek.
13:51 of 2nd period - Shot Blocked by Brian Dumoulin.
14:03 of 2nd period - Snap shot by Vince Hinostroza.
14:03 of 2nd period - Stopped by John Gibson without a rebound.
14:04 of 2nd period - Tim Schaller wins face-off versus Jared Knight in Diables zone.
14:20 of 2nd period - Minor Penalty to Tim Schaller for Holding.
14:21 of 2nd period - Christian Hanson wins face-off versus Tyler Bozak in Diables zone.
14:51 of 2nd period - Wrist shot by Tyler Randell.
14:51 of 2nd period - Shot Misses the Net.
14:53 of 2nd period - Slapshot by Aaron Ness.
14:53 of 2nd period - Shot Misses the Net.
14:55 of 2nd period - Snap shot by Matt Calvert.
14:55 of 2nd period - Stopped by John Gibson with a rebound.
14:57 of 2nd period - Snap shot by Matt Calvert.
14:57 of 2nd period - Shot Misses the Net.
16:20 of 2nd period - Penalty to Tim Schaller is over, Tim Schaller is back on ice.
16:43 of 2nd period - Brian Dumoulin is hit by Fedor Fedorov.
16:56 of 2nd period - Slapshot by Aaron Ness.
16:56 of 2nd period - Stopped by John Gibson with a rebound.
17:04 of 2nd period - Andrew Gordon is hit by Louis Leblanc and loses puck.
17:16 of 2nd period - Snap shot by Tim Schaller.
17:16 of 2nd period - Shot Misses the Net.
17:18 of 2nd period - Wrist shot by Taylor Beck.
17:18 of 2nd period - Shot Blocked by David Kolomatis.
17:20 of 2nd period - Snap shot by Taylor Beck.
17:20 of 2nd period - Stopped by Andrei Vasilevskiy without a rebound.
17:21 of 2nd period - Evgeny Kuznetsov wins face-off versus Tyler Bozak in Patriotes zone.
17:36 of 2nd period - Snap shot by Steve Quailer.
17:36 of 2nd period - Shot Misses the Net.
18:09 of 2nd period - Pavel Valentenko is hit by Vince Hinostroza and loses puck.
18:16 of 2nd period - Wrist shot by Emerson Etem.
18:16 of 2nd period - Stopped by John Gibson without a rebound.
18:17 of 2nd period - Evgeny Kuznetsov wins face-off versus Alexandre Burrows in Diables zone.
18:28 of 2nd period - Evgeny Kuznetsov is hit by Craig Smith and loses puck.
18:41 of 2nd period - Phil McRae is hit by Louis Leblanc and loses puck.
19:04 of 2nd period - Wrist shot by Vince Hinostroza.
19:04 of 2nd period - Stopped by John Gibson with a rebound.
19:08 of 2nd period - Wrist shot by Jared Knight.
19:08 of 2nd period - Shot Misses the Net.
19:24 of 2nd period - Slapshot by Daniel Zaar.
19:24 of 2nd period - Shot Misses the Net.
19:26 of 2nd period - Snap shot by Keith Seabrook.
19:26 of 2nd period - Shot Misses the Net.
19:28 of 2nd period - Snap shot by Kyle Chipchura.
19:28 of 2nd period - Shot Blocked by David Kolomatis.
Goals for this period are 1 for Diables vs 1 for Patriotes.
Shots for this period are 7 for Diables vs 9 for Patriotes.
3rd period
0:01 of 3rd period - Tyler Bozak wins face-off versus Christian Hanson in neutral zone.
0:14 of 3rd period - Snap shot by Steve Quailer.
0:14 of 3rd period - Shot Misses the Net.
0:16 of 3rd period - Snap shot by Brandon Burlon.
0:16 of 3rd period - Deflect By Tyler Bozak.
0:16 of 3rd period - Goal by Tyler Bozak - Diables : 2 - Patriotes : 2.
0:17 of 3rd period - Christian Hanson wins face-off versus Tim Schaller in neutral zone.
0:34 of 3rd period - Tim Schaller is hit by Andrew Gordon and loses puck.
1:29 of 3rd period - Snap shot by Ryan Wilson.
1:29 of 3rd period - Deflect By Keith Seabrook.
1:29 of 3rd period - Goal by Ryan Wilson - Diables : 2 - Patriotes : 3.
1:30 of 3rd period - Christian Hanson wins face-off versus Tyler Bozak in neutral zone.
1:42 of 3rd period - Minor Penalty to Fedor Fedorov for Hooking.
1:43 of 3rd period - Tyler Bozak wins face-off versus Andrew Gordon in Patriotes zone.
1:45 of 3rd period - Slapshot by Tyler Bozak.
1:45 of 3rd period - Stopped by Andrei Vasilevskiy without a rebound.
1:46 of 3rd period - Andrew Gordon wins face-off versus Tyler Bozak in Patriotes zone.
1:59 of 3rd period - Wrist shot by Steve Quailer.
1:59 of 3rd period - Stopped by Andrei Vasilevskiy without a rebound.
2:00 of 3rd period - Andrew Gordon wins face-off versus Tyler Bozak in Patriotes zone.
2:13 of 3rd period - Snap shot by Tyler Bozak.
2:13 of 3rd period - Stopped by Andrei Vasilevskiy without a rebound.
2:14 of 3rd period - Tyler Bozak wins face-off versus Andrew Gordon in Patriotes zone.
3:42 of 3rd period - Penalty to Fedor Fedorov is over, Fedor Fedorov is back on ice.
4:11 of 3rd period - Louis Leblanc is hit by Tyler Randell and loses puck.
4:20 of 3rd period - Snap shot by Keith Seabrook.
4:20 of 3rd period - Shot Misses the Net.
4:48 of 3rd period - Slapshot by Robbie Russo.
4:48 of 3rd period - Deflect By Evgeny Kuznetsov.
4:48 of 3rd period - Stopped by John Gibson with a rebound.
4:50 of 3rd period - Slapshot by Robbie Russo.
4:50 of 3rd period - Stopped by John Gibson without a rebound.
4:51 of 3rd period - Steve Quailer wins face-off versus Phil McRae in Diables zone.
5:06 of 3rd period - Slapshot by Tyler Bozak.
5:06 of 3rd period - Goal by Tyler Bozak - Diables : 3 - Patriotes : 3.
5:07 of 3rd period - Phil McRae wins face-off versus Tim Schaller in neutral zone.
5:14 of 3rd period - Slapshot by Justin Florek.
5:14 of 3rd period - Shot Misses the Net.
5:37 of 3rd period - Wrist shot by Tyler Bozak.
5:37 of 3rd period - Stopped by Andrei Vasilevskiy without a rebound.
5:38 of 3rd period - Tyler Bozak wins face-off versus Christian Hanson in Patriotes zone.
5:51 of 3rd period - Snap shot by Brandon Prust.
5:51 of 3rd period - Shot Blocked by Aaron Ness.
5:53 of 3rd period - Wrist shot by Brandon Prust.
5:53 of 3rd period - Shot Blocked by Fedor Fedorov.
5:59 of 3rd period - Minor Penalty to Christian Hanson for Hooking.
6:00 of 3rd period - Tyler Bozak wins face-off versus Andrew Gordon in Patriotes zone.
6:13 of 3rd period - Wrist shot by Andrew Gordon.
6:13 of 3rd period - Shot Misses the Net.
6:29 of 3rd period - Slapshot by Brandon Burlon.
6:29 of 3rd period - Stopped by Andrei Vasilevskiy with a rebound.
6:31 of 3rd period - Wrist shot by Craig Smith.
6:31 of 3rd period - Goal by Craig Smith - Diables : 4 - Patriotes : 3.
6:32 of 3rd period - Christian Hanson wins face-off versus Tim Schaller in neutral zone.
6:39 of 3rd period - Snap shot by Christian Hanson.
6:39 of 3rd period - Goal by Christian Hanson - Diables : 4 - Patriotes : 4.
6:40 of 3rd period - Christian Hanson wins face-off versus Tyler Bozak in neutral zone.
6:45 of 3rd period - Slapshot by Anthony Bitetto.
6:45 of 3rd period - Stopped by John Gibson without a rebound.
6:46 of 3rd period - Christian Hanson wins face-off versus Tyler Bozak in Diables zone.
6:49 of 3rd period - Backhand shot by Andrew Gordon.
6:49 of 3rd period - Shot Blocked by Steve Quailer.
6:51 of 3rd period - Minor Penalty to Brandon Burlon for Hooking.
6:52 of 3rd period - Fedor Fedorov wins face-off versus Tyler Bozak in Diables zone.
7:45 of 3rd period - Tyler Bozak is hit by Andrew Gordon and loses puck.
8:51 of 3rd period - Penalty to Brandon Burlon is over, Brandon Burlon is back on ice.
9:40 of 3rd period - Christian Thomas is hit by Anthony Bitetto and loses puck.
9:51 of 3rd period - Anthony Bitetto is hit by Daniel Zaar and loses puck.
10:18 of 3rd period - Robbie Russo is hit by Borna Rendulic and loses puck.
11:52 of 3rd period - Vince Hinostroza is hit by Taylor Beck and loses puck.
12:07 of 3rd period - Tim Schaller is hit by Matt Calvert and loses puck.
12:46 of 3rd period - Pavel Valentenko is hit by Phil McRae and loses puck.
12:53 of 3rd period - David Kolomatis is hit by Tyler Bozak and loses puck.
13:13 of 3rd period - Brian Dumoulin is hit by Anthony Bitetto and loses puck.
13:20 of 3rd period - Anthony Bitetto is hit by Taylor Beck and loses puck.
13:42 of 3rd period - Snap shot by Fedor Fedorov.
13:42 of 3rd period - Shot Misses the Net.
13:54 of 3rd period - Justin Florek is hit by Brandon Burlon and loses puck.
14:08 of 3rd period - Christian Thomas is hit by Aaron Ness and loses puck.
14:34 of 3rd period - Icing by Christian Thomas.
14:35 of 3rd period - Christian Hanson wins face-off versus Tyler Bozak in Diables zone.
15:05 of 3rd period - Anthony Bitetto is hit by Tim Schaller and loses puck.
15:10 of 3rd period - Slapshot by Craig Smith.
15:10 of 3rd period - Stopped by Andrei Vasilevskiy with a rebound.
16:22 of 3rd period - Aaron Ness is hit by Louis Leblanc and loses puck.
17:11 of 3rd period - Snap shot by Christian Hanson.
17:11 of 3rd period - Deflect By Steve Quailer.
17:11 of 3rd period - Stopped by John Gibson without a rebound.
17:12 of 3rd period - Christian Hanson wins face-off versus Tyler Bozak in Diables zone.
17:27 of 3rd period - Carl Gunnarsson is hit by Robbie Russo.
17:31 of 3rd period - Fedor Fedorov is hit by Tyler Bozak and loses puck.
17:38 of 3rd period - Brandon Prust is hit by Fedor Fedorov.
17:47 of 3rd period - Keith Seabrook is hit by Fedor Fedorov and loses puck.
18:15 of 3rd period - Wrist shot by Steve Quailer.
18:15 of 3rd period - Stopped by Andrei Vasilevskiy with a rebound.
18:17 of 3rd period - Wrist shot by Tyler Bozak.
18:17 of 3rd period - Deflect By Steve Quailer.
18:17 of 3rd period - Shot Blocked by Robbie Russo.
18:17 of 3rd period - Puck is out of play.
18:18 of 3rd period - Phil McRae wins face-off versus Kyle Chipchura in Patriotes zone.
18:25 of 3rd period - Wrist shot by Daniel Zaar.
18:25 of 3rd period - Stopped by Andrei Vasilevskiy with a rebound.
18:27 of 3rd period - Snap shot by Daniel Zaar.
18:27 of 3rd period - Shot Misses the Net.
18:29 of 3rd period - Snap shot by Taylor Beck.
18:29 of 3rd period - Stopped by Andrei Vasilevskiy with a rebound.
18:31 of 3rd period - Slapshot by Brandon Burlon.
18:31 of 3rd period - Stopped by Andrei Vasilevskiy without a rebound.
18:32 of 3rd period - Evgeny Kuznetsov wins face-off versus Tim Schaller in Patriotes zone.
18:43 of 3rd period - Snap shot by Tyler Randell.
18:43 of 3rd period - Stopped by John Gibson with a rebound.
18:59 of 3rd period - Minor Penalty to Phil McRae for Holding.
19:00 of 3rd period - Tyler Bozak wins face-off versus Christian Hanson in Patriotes zone.
19:35 of 3rd period - Snap shot by Tim Schaller.
19:35 of 3rd period - Shot Blocked by Ryan Wilson.
19:59 of 3rd period - Aaron Ness is hit by Craig Smith and loses puck.
Goals for this period are 3 for Diables vs 2 for Patriotes.
Shots for this period are 13 for Diables vs 7 for Patriotes.
Overtime #1
0:01 of 1st overtime period - Tyler Bozak wins face-off versus Andrew Gordon in neutral zone.
0:10 of 1st overtime period - Wrist shot by Tyler Bozak.
0:10 of 1st overtime period - Stopped by Andrei Vasilevskiy with a rebound.
0:59 of 1st overtime period - Penalty to Phil McRae is over, Phil McRae is back on ice.
1:28 of 1st overtime period - Christian Hanson is hit by Brandon Burlon and loses puck.
1:59 of 1st overtime period - Wrist shot by Fedor Fedorov.
1:59 of 1st overtime period - Goal by Fedor Fedorov - Diables : 4 - Patriotes : 5.
Goals for this period are 0 for Diables vs 1 for Patriotes.
Shots for this period are 1 for Diables vs 1 for Patriotes.
Back to the Top